3AAA
AUGUSTA TIMBER HAWKS @ BRINKLEY BELUGAS
07/03/2032
 
TOP OF THE 1ST
Augusta Timber Hawks batting - Pitching for Brinkley Belugas : RHP Matt Davenport
Pitching: RHP Matt Davenport
Batting: LHB José Pérez 0-0: Ball
1-0: Ball
2-0: Called Strike
2-1: Foul Ball, location: 2F
2-2: Strikes out looking
Batting: RHB Uchino Akahito 0-0: Foul Ball, location: 2F
0-1: Ball
1-1: Foul Ball, location: 2F
1-2: Ball
2-2: Strikes out swinging
Batting: RHB Juan Chávez 0-0: Called Strike
0-1: Ball
1-1: Ball
2-1: Fly out, F7 (Flyball, 7S)
Top of the 1st over - 0 runs, 0 hits, 0 errors, 0 left on base; Augusta 0 - Brinkley 0
BOTTOM OF THE 1ST
Brinkley Belugas batting - Pitching for Augusta Timber Hawks : LHP Drew Cullen
Pitching: LHP Drew Cullen
Batting: RHB Jorge Durán 0-0: Ball
1-0: DOUBLE (Flyball, 78XD)
Batting: RHB Apu Nahasapeemapetilon 0-0: Ball
1-0: Ball
2-0: Swinging Strike
2-1: Ball
3-1: Base on Balls
Batting: RHB Luis Yander La O 0-0: Fielders Choice at 2nd, 1-6 (Groundball, P)
Jorge Durán to third
Batting: RHB Martín Alejadre 0-0: Ground out 5-3 (Groundball, 56S)
Jorge Durán scores
Luis Yander La O to second
Batting: RHB Felix Plugge 0-0: Ball
1-0: Foul Ball, location: 2F
1-1: SINGLE (Flyball, 78M)
Luis Yander La O to third
Runner from 3rd tries for Home, SAFE, no throw
Batting: LHB Arana Sashi 0-0: Ball
1-0: Ball
2-0: Ball
3-0: Called Strike
3-1: Base on Balls
Felix Plugge to second
Batting: RHB Rubén Campos 0-0: Ball
1-0: Ball
2-0: Called Strike
2-1: Called Strike
2-2: Strikes out swinging
Bottom of the 1st over - 2 runs, 2 hits, 0 errors, 2 left on base; Augusta 0 - Brinkley 2
TOP OF THE 2ND
Augusta Timber Hawks batting - Pitching for Brinkley Belugas : RHP Matt Davenport
Batting: LHB Mike Houston 0-0: Called Strike
0-1: Ball
1-1: Foul Ball, location: 2F
1-2: Ball
2-2: Ground out 4-3 (Groundball, 4)
Batting: RHB David Martínez 0-0: Foul Ball, location: 2F
0-1: Ball
1-1: Ball
2-1: Ball
3-1: Foul Ball, location: 2F
3-2: Strikes out looking
Batting: RHB Jesús Recesvinto 0-0: Foul Ball, location: 2F
0-1: Ball
1-1: Ball
2-1: Called Strike
2-2: SINGLE (Groundball, 56D)
Batting: LHB Carlos Medellín 0-0: Ball
1-0: Called Strike
1-1: Foul Ball, location: 2F
1-2: Ball
2-2: DOUBLE (Line Drive, 9LM)
Jesús Recesvinto to third
Runner from 3rd tries for Home, SAFE, no throw
Batting: RHB Jaime Cruz 0-0: Foul Ball, location: 2F
0-1: Swinging Strike
0-2: Ball
1-2: SINGLE (Line Drive, 56)
Carlos Medellín to third
Runner from 3rd tries for Home, SAFE, no throw
Batting: RHB Hang-ki Chung 0-0: Ball
1-0: Fly out, F9 (Flyball, 9)
Top of the 2nd over - 2 runs, 3 hits, 0 errors, 1 left on base; Augusta 2 - Brinkley 2
BOTTOM OF THE 2ND
Brinkley Belugas batting - Pitching for Augusta Timber Hawks : LHP Drew Cullen
Batting: LHB José Hernández 0-0: Ball
1-0: Swinging Strike
1-1: SINGLE (Groundball, 6MD)
Batting: RHB Jason Bringle 0-0: Grounds into double play, 5-4-3 (Groundball, 56)
Batting: RHB Jorge Durán 0-0: Called Strike
0-1: Ball
1-1: Foul Ball, location: 2F
1-2: Ball
2-2: Foul Ball, location: 2F
2-2: Foul Ball, location: 2F
2-2: Ball
3-2: Base on Balls
Batting: RHB Apu Nahasapeemapetilon 0-0: Called Strike
Jorge Durán steals 2nd base
0-1: Ball
1-1: Ground out 4-3 (Groundball, 4)
Bottom of the 2nd over - 0 runs, 1 hit, 0 errors, 1 left on base; Augusta 2 - Brinkley 2
TOP OF THE 3RD
Augusta Timber Hawks batting - Pitching for Brinkley Belugas : RHP Matt Davenport
Batting: LHB José Pérez 0-0: Foul Ball, location: 2F
0-1: Ball
1-1: Ball
2-1: Foul Ball, location: 2F
2-2: Ground out 4-3 (Groundball, 4)
Batting: RHB Uchino Akahito 0-0: Called Strike
0-1: Ball
1-1: Foul Ball, location: 2F
1-2: Strikes out swinging
Batting: RHB Juan Chávez 0-0: Called Strike
0-1: Ball
1-1: SINGLE (Groundball, 6D)
Batting: LHB Mike Houston 0-0: Ball
1-0: Swinging Strike
1-1: Swinging Strike
1-2: Foul Ball, location: 2F
1-2: Ball
2-2: Ball
3-2: Foul Ball, location: 2F
3-2: Base on Balls
Juan Chávez to second
Batting: RHB David Martínez 0-0: Called Strike
0-1: Foul Ball, location: 2F
0-2: Ball
1-2: Fielders Choice at 2nd, 6-4 (Groundball, 6)
Top of the 3rd over - 0 runs, 1 hit, 0 errors, 2 left on base; Augusta 2 - Brinkley 2
BOTTOM OF THE 3RD
Brinkley Belugas batting - Pitching for Augusta Timber Hawks : LHP Drew Cullen
Batting: RHB Luis Yander La O 0-0: Ball
1-0: Called Strike
1-1: Called Strike
1-2: Strikes out swinging
Batting: RHB Martín Alejadre 0-0: Called Strike
0-1: Ball
1-1: Ground out 3-1 (Groundball, 34S)
Batting: RHB Felix Plugge 0-0: Ball
1-0: Fly out, F8 (Line Drive, 89M)
Bottom of the 3rd over - 0 runs, 0 hits, 0 errors, 0 left on base; Augusta 2 - Brinkley 2
TOP OF THE 4TH
Augusta Timber Hawks batting - Pitching for Brinkley Belugas : RHP Matt Davenport
Batting: RHB Jesús Recesvinto 0-0: Ground out 6-3 (Groundball, 6)
Batting: LHB Carlos Medellín 0-0: Ball
1-0: Ball
2-0: Called Strike
2-1: SINGLE (Groundball, 34D)
Batting: RHB Jaime Cruz 0-0: Ball
1-0: Foul Ball, location: 2F
1-1: Swinging Strike
1-2: Ground out 6-3 (Groundball, 6D)
Carlos Medellín to second
Batting: RHB Hang-ki Chung 0-0: Ball
1-0: Called Strike
1-1: Ball
2-1: Foul Ball, location: 2F
2-2: Foul Ball, location: 2F
2-2: Ground out 1-3 (Groundball, P)
Top of the 4th over - 0 runs, 1 hit, 0 errors, 1 left on base; Augusta 2 - Brinkley 2
BOTTOM OF THE 4TH
Brinkley Belugas batting - Pitching for Augusta Timber Hawks : LHP Drew Cullen
Batting: LHB Arana Sashi 0-0: Foul Ball, location: 2F
0-1: Ground out 5-3 (Groundball, 56S)
Batting: RHB Rubén Campos 0-0: Foul Ball, location: 2F
0-1: Swinging Strike
0-2: Ball
1-2: Ball
2-2: Ground out 5-3 (Groundball, 56)
Batting: LHB José Hernández 0-0: Ball
1-0: Fly out, F6 (Popup, P)
Bottom of the 4th over - 0 runs, 0 hits, 0 errors, 0 left on base; Augusta 2 - Brinkley 2
TOP OF THE 5TH
Augusta Timber Hawks batting - Pitching for Brinkley Belugas : RHP Matt Davenport
Batting: LHB José Pérez 0-0: Ball
1-0: Fly out, F7 (Flyball, 7LSF)
Batting: RHB Uchino Akahito 0-0: Ball
1-0: Foul Ball, location: 2F
1-1: Swinging Strike
1-2: Foul Ball, location: 2F
1-2: Ball
2-2: Foul Ball, location: 2F
2-2: Foul Ball, location: 2F
2-2: Ball
3-2: SINGLE (Groundball, 56D)
Batting: RHB Juan Chávez 0-0: Called Strike
0-1: Grounds into double play, 5-4-3 (Groundball, 56)
Top of the 5th over - 0 runs, 1 hit, 0 errors, 0 left on base; Augusta 2 - Brinkley 2
BOTTOM OF THE 5TH
Brinkley Belugas batting - Pitching for Augusta Timber Hawks : LHP Drew Cullen
Batting: RHB Jason Bringle 0-0: Ground out 6-3 (Groundball, 6)
Batting: RHB Jorge Durán 0-0: Fly out, F8 (Flyball, 8LD)
Batting: RHB Apu Nahasapeemapetilon 0-0: Fly out, F9 (Flyball, 89S)
Bottom of the 5th over - 0 runs, 0 hits, 0 errors, 0 left on base; Augusta 2 - Brinkley 2
TOP OF THE 6TH
Augusta Timber Hawks batting - Pitching for Brinkley Belugas : RHP Matt Davenport
Batting: LHB Mike Houston 0-0: Ball
1-0: Ball
2-0: Ball
3-0: Called Strike
3-1: Called Strike
3-2: Fly out, F7 (Flyball, 78M)
Batting: RHB David Martínez 0-0: Ball
1-0: Called Strike
1-1: Foul Ball, location: 2F
1-2: Foul Ball, location: 2F
1-2: Hit by Pitch
Pitching: LHP Kirby Buckner
Batting: RHB Jesús Recesvinto 0-0: Foul Ball, location: 2F
0-1: Foul Ball, location: 2F
0-2: Foul Ball, location: 2F
0-2: Strikes out swinging
Batting: LHB Carlos Medellín 0-0: Ball
1-0: Ball
2-0: Ball
3-0: Called Strike
3-1: 2-RUN HOME RUN (Flyball, 9LD), Distance : 346 ft
Batting: RHB Jaime Cruz 0-0: Called Strike
0-1: Foul Ball, location: 2F
0-2: Ground out 5-3 (Groundball, 5)
Top of the 6th over - 2 runs, 1 hit, 0 errors, 0 left on base; Augusta 4 - Brinkley 2
BOTTOM OF THE 6TH
Brinkley Belugas batting - Pitching for Augusta Timber Hawks : LHP Drew Cullen
Batting: RHB Luis Yander La O 0-0: DOUBLE (Flyball, 8RXD)
Batting: RHB Martín Alejadre 0-0: Foul Ball, location: 2F
0-1: Foul Ball, location: 2F
0-2: Ball
1-2: Ball
2-2: Ball
3-2: Foul Ball, location: 2F
3-2: Fly out, F8 (Flyball, 8RXD)
Runner from 2nd tags up, SAFE at 3rd, no throw
Batting: RHB Felix Plugge 0-0: Ground out 6-3 (Groundball, 6S)
Batting: LHB Arana Sashi 0-0: Foul Ball, location: 2F
0-1: Ball
1-1: Foul Ball, location: 2F
1-2: Foul Ball, location: 2F
1-2: Ball
2-2: Strikes out swinging
Bottom of the 6th over - 0 runs, 1 hit, 0 errors, 1 left on base; Augusta 4 - Brinkley 2
TOP OF THE 7TH
Augusta Timber Hawks batting - Pitching for Brinkley Belugas : LHP Kirby Buckner
Batting: RHB Hang-ki Chung 0-0: Ground out 5-3 (Groundball, 56)
Batting: LHB José Pérez 0-0: Ball
1-0: Called Strike
1-1: Foul Ball, location: 2F
1-2: Fly out, F6 (Line Drive, 6)
Batting: RHB Uchino Akahito 0-0: Ball
1-0: Ground out 4-3 (Groundball, 4)
Top of the 7th over - 0 runs, 0 hits, 0 errors, 0 left on base; Augusta 4 - Brinkley 2
BOTTOM OF THE 7TH
Brinkley Belugas batting - Pitching for Augusta Timber Hawks : LHP Drew Cullen
Batting: RHB Rubén Campos 0-0: Ball
1-0: Called Strike
1-1: Ground out 4-3 (Groundball, 4M)
Batting: LHB José Hernández 0-0: Called Strike
0-1: Ball
1-1: Foul Ball, location: 2F
1-2: Strikes out swinging
Batting: RHB Jason Bringle 0-0: Ball
1-0: Ball
2-0: Foul Ball, location: 2F
2-1: Called Strike
2-2: Ball
3-2: Strikes out swinging
Bottom of the 7th over - 0 runs, 0 hits, 0 errors, 0 left on base; Augusta 4 - Brinkley 2
TOP OF THE 8TH
Augusta Timber Hawks batting - Pitching for Brinkley Belugas : LHP Kirby Buckner
Batting: RHB Juan Chávez 0-0: Called Strike
0-1: Ball
1-1: Ball
2-1: SINGLE (Groundball, 56D)
Batting: LHB Mike Houston 0-0: Ball
1-0: Ball
2-0: Swinging Strike
2-1: Called Strike
2-2: Strikes out swinging
Batting: RHB David Martínez 0-0: Fly out, F8 (Flyball, 8RM)
Batting: RHB Jesús Recesvinto 0-0: Ball
1-0: Called Strike
1-1: SINGLE (Groundball, 6D)
Juan Chávez to second
Pinch Hitting: RHB Xavier Pérez 0-0: Ball
1-0: Foul Ball, location: 2F
1-1: Ball
2-1: Called Strike
2-2: Fielders Choice at 2nd, 6-4 (Groundball, 6)
Top of the 8th over - 0 runs, 2 hits, 0 errors, 2 left on base; Augusta 4 - Brinkley 2
BOTTOM OF THE 8TH
Brinkley Belugas batting - Pitching for Augusta Timber Hawks : LHP Drew Cullen
Now in CF: Xavier Pérez
Now in RF: Ed Jozwiak
Batting: RHB Jorge Durán 0-0: Ball
1-0: Fly out, F7 (Flyball, 7LSF)
Batting: RHB Apu Nahasapeemapetilon 0-0: Ball
1-0: Swinging Strike
1-1: Ball
2-1: Foul Ball, location: 2F
2-2: Ball
3-2: Ground out 4-3 (Groundball, 4MD)
Pitching: RHP Woody Hudson
Batting: RHB Luis Yander La O 0-0: Ball
1-0: Foul Ball, location: 2F
1-1: SINGLE (Line Drive, 4D)
Batting: RHB Martín Alejadre 0-0: Ball
1-0: Ball
2-0: Swinging Strike
2-1: Foul Ball, location: 2F
2-2: Ball
3-2: Strikes out looking
Bottom of the 8th over - 0 runs, 1 hit, 0 errors, 1 left on base; Augusta 4 - Brinkley 2
TOP OF THE 9TH
Augusta Timber Hawks batting - Pitching for Brinkley Belugas : LHP Kirby Buckner
Pitching: RHP Austin Aries
Batting: RHB Jaime Cruz 0-0: Foul Ball, location: 2F
0-1: Ball
1-1: Fly out, F3 (Popup, 3S)
Batting: RHB Hang-ki Chung 0-0: Called Strike
0-1: Fly out, F4 (Line Drive, 4M)
Batting: LHB José Pérez 0-0: Ball
1-0: Ball
2-0: Swinging Strike
2-1: Swinging Strike
2-2: Ground out 6-3 (Groundball, 6)
Top of the 9th over - 0 runs, 0 hits, 0 errors, 0 left on base; Augusta 4 - Brinkley 2
BOTTOM OF THE 9TH
Brinkley Belugas batting - Pitching for Augusta Timber Hawks : RHP Woody Hudson
Pitching: RHP Omara Moctar
Batting: RHB Felix Plugge 0-0: Ball
1-0: Swinging Strike
1-1: Ball
2-1: Swinging Strike
2-2: Foul Ball, location: 2F
2-2: Foul Ball, location: 2F
2-2: Fly out, F5 (Popup, 5)
Batting: LHB Arana Sashi 0-0: Ball
1-0: Foul Ball, location: 2F
1-1: Ball
2-1: Swinging Strike
2-2: Ball
3-2: Foul Ball, location: 2F
3-2: Base on Balls
Batting: RHB Rubén Campos 0-0: Swinging Strike
0-1: SINGLE (Flyball, 89M)
Arana Sashi to second
Pitching: RHP Gary Bailey
Batting: LHB José Hernández 0-0: Ball
1-0: Foul Ball, location: 2F
1-1: Foul Ball, location: 2F
1-2: Ball
2-2: Strikes out swinging
Batting: RHB Jason Bringle 0-0: Called Strike
0-1: Ball
1-1: Swinging Strike
1-2: Ball
2-2: Fly out, F8 (Line Drive, 78XD)
Bottom of the 9th over - 0 runs, 1 hit, 0 errors, 2 left on base; Augusta 4 - Brinkley 2
Wednesday, September 19th, 2018 - OOTP Baseball 18.8 Build 76